 Dungeon Crawl Stone Soup version 0.19.3-1-g3169bf9 (webtiles) character file.

110 galech the Skirmisher (level 4, 0/49 HPs)
             Began as an Ogre Fighter on Jan 25, 2017.
             Succumbed to an adder's poison
             ... on level 2 of the Dungeon.
             The game lasted 00:04:54 (1930 turns).

galech the Skirmisher (Ogre Fighter)                Turns: 1930, Time: 00:04:55

Health: 0/49       AC:  3    Str: 22    XL:     4   Next: 91%
Magic:  4/4        EV:  8    Int:  7    God:
Gold:   131        SH:  8    Dex:  9    Spells: 0 memorised, 3 levels left

rFire  . . .     SeeInvis .     a - +0 flail
rCold  . . .     Gourm    +     b - +0 robe
rNeg   . . .     Faith    .     c - +0 shield
rPois  .         Spirit   .     (helmet restricted)
rElec  .         Reflect  .     (no cloak)
rCorr  +         Harm     .     (gloves unavailable)
MR     .....                    (boots unavailable)
Stlth  +.........               g - amulet of the gourmand
                                m - ring of resist corrosion
                                k - ring of wizardry

@: lethally poisoned (0 -> -3)
A: unfitting armour, tough skin 1
a: no special abilities


You were on level 2 of the Dungeon.
You were completely stuffed.

You visited 1 branch of the dungeon, and saw 3 of its levels.

You collected 131 gold pieces.

Inventory:

Hand Weapons
 a - a +0 flail (weapon)
Armour
 b - a +0 robe (worn)
 c - a +0 shield (worn)
Jewellery
 g - an amulet of the gourmand (around neck)
 k - a ring of wizardry (left hand)
 m - a ring of resist corrosion (right hand)
Scrolls
 e - 2 scrolls of identify {unknown}
 q - a scroll of magic mapping {unknown}
 r - a scroll of teleportation {unknown}
Potions
 d - a potion of might
 h - a potion of degeneration {unknown}
 l - a potion of brilliance {unknown}
 o - a potion of resistance {unknown}
 p - a potion of curing {unknown}
Comestibles
 f - 4 bread rations
 i - 2 royal jellies
 j - 2 meat rations
 n - a chunk of flesh


   Skills:
 + Level 4.8 Fighting
 + Level 4.3 Maces & Flails
 + Level 3.1 Dodging
 + Level 0.2 Stealth
 + Level 3.3 Shields


You had 3 spell levels left.
You didn't know any spells.

Dungeon Overview and Level Annotations

Branches:
Dungeon (3/15)

Altars:
Ashenzari
Dithmenos

Annotations:
D:2 Natasha


Innate Abilities, Weirdness & Mutations

You are too large for most types of armour.
You have tough skin. (AC +1)


Message History

You block the adder's attack. The hobgoblin hits you with a club.
* * * LOW HITPOINT WARNING * * *
The kobold hits you but does no damage. You block the adder's attack.
You climb upwards.
You feel sick.
There is a stone staircase leading down here.
Unknown command.
You block the adder's attack.
You feel sick.
You are no longer poisoned.
You block the adder's attack.
Natasha, Servant of Life and Death comes into view.
Natasha mumbles some strange words.
You block the adder's attack. Natasha claws you.
* * * LOW HITPOINT WARNING * * *
The adder bites you.
* * * LOW HITPOINT WARNING * * *
You are lethally poisoned!
The adder poisons you!
You die...

#.#.........# #.# #.###.......#
#.##### ##.###.###.#.# #.....#
##...##.###.#.###.###.#
#........#........###.#####
#####..(##.....#.###.#.......# #
.......###.....#...#......##.# #
......## #.......#...........####
......# #...###@..#.............
......# #...# ##.##.#.#.##..####
......# #..># #S##.#.#.##..#
......# #...####h##.#.......#
......# #..K#...g5......##.#####
......####...#.##.#.##.####.#....
###).........K......##.# #.#....
# ##..<.............##.# #......
##...............##.# ###....


You could see Natasha, a crimson imp, an adder and a hobgoblin.

Vanquished Creatures
  Natasha (twice) (D:2)
  An adder (D:2)
  An ooze (D:1)
  2 dart slugs
  A ball python (D:2)
  3 giant cockroaches
  3 goblins
  9 hobgoblins
  4 jackals (D:2)
  8 bats
  3 frilled lizards
  3 kobolds (D:1)
  5 rats
45 creatures vanquished.

Notes
Turn   | Place    | Note
-------+----------+-------------------------------------------
     0 | D:1      | galech the Ogre Fighter began the quest for the Orb.
     0 | D:1      | Reached XP level 1. HP: 24/24 MP: 1/1
    57 | D:1      | Reached XP level 2. HP: 25/32 MP: 2/2
   161 | D:1      | Found a shattered altar of Ashenzari.
   476 | D:1      | Reached XP level 3. HP: 35/40 MP: 3/3
   867 | D:2      | Found a shadowy altar of Dithmenos.
  1279 | D:2      | Noticed Natasha
  1291 | D:2      | Killed Natasha
  1291 | D:2      | Reached XP level 4. HP: 26/49 MP: 4/4
  1806 | D:2      | Noticed Natasha
  1817 | D:2      | Killed Natasha
  1924 | D:2      | Noticed Natasha
  1929 | D:2      | HP: 1/49 [adder (2)]
  1930 | D:2      | Succumbed to an adder's poison

Skill      XL: |  1  2  3 |
---------------+----------+-----
Shields        | 3 |  3.3
Maces & Flails | 3 4 |  4.3
Dodging        | 3 |  3.1
Fighting       | |  4.8
Stealth        | |  0.2

Action                   |  1- 3 |  4- 6 || total
-------------------------+-------+-------++-------
Melee: Flail             |   131 |    31 ||   162
  Eat: Chunk             |    12 |     2 ||    14
Armor: Robe              |    40 |    14 ||    54
Dodge: Dodged            |    57 |    29 ||    86
Block: Shield            |    65 |    36 ||   101
